Map: Shrines of Lizul

Players

Prometheus

  • Race: Protoss Protoss
  • Spawn Location: 12:00

весел

  • Race: Terran Terran
  • Spawn Location: 3:00

ILIEKEGGPIE - Winner!

  • Race: Protoss Protoss
  • League: Platinum
  • Spawn Location: 6:00

Shootokill - Winner!

  • Race: Protoss Protoss
  • Spawn Location: 9:00

VOD

Have the link to the VOD?

Description

Time

  • Played on: May 31, 2018, 2:52 p.m.
  • Length: 19:29
Show
View Real Time Build Order
Export as new Build Order

Prometheus Protoss 

Build Orders:  

Get SALT Encoding   

  12  0:01  Probe  
  13  0:17  Pylon  
  13  0:19  Probe  
  14  0:31  Probe  
  15  0:37  Gateway  
  15  0:39  Probe  
  15  0:47  Probe  
  16  0:51  Assimilator  
  17  0:58  Probe  
  18  1:10  Probe  
  19  1:14  Assimilator  
  19  1:22  Probe  
  20  1:29  Gateway  
  20  1:36  Pylon  
  20  1:41  Probe  
  21  1:53  Probe  
  22  1:57  Cybernetics Core  
  22  2:05  Probe  
  22  2:33  Adept x2  
  26  2:44  Twilight Council  
  26  2:46  Robotics Facility  
  26  2:51  Warp Gate  
  28  3:17  Stalker  
  28  3:21  Shield Battery  
  28  3:22  Pylon  
  28  3:24  Pylon  
  27  3:40  Immortal  
  31  3:41  Stalker  
  26  4:17  Probe  
  27  4:29  Probe  
  27  4:30  Observer  
  29  4:39  Dark Shrine  
  29  4:45  Probe  
  30  4:57  Probe  
  30  4:58  Gateway  
  1  9:12  Observer  
Show
View Real Time Build Order
Export as new Build Order

весел Terran 

Build Orders: MMM Bio 

Get SALT Encoding   

  12  0:01  SCV  
  13  0:13  SCV  
  14  0:18  Supply Depot  
  15  0:28  SCV  
  15  0:29  Refinery  
  15  0:42  Barracks  
  15  0:46  SCV  
  16  0:58  SCV  
  17  1:10  SCV  
  18  1:22  SCV  
  19  1:31  Reaper  
  20  1:34  SCV  
  21  1:41  Command Center  
  21  1:46  Refinery  
  21  1:53  SCV  
  22  2:05  SCV  
  23  2:10  Barracks Tech Lab  
  23  3:07  Marine  
  24  3:21  Supply Depot  
  24  3:25  Marine  
  25  3:34  Combat Shields  
  25  3:43  Marine  
  25  3:45  Bunker  
  26  3:50  Engineering Bay  
  26  3:53  Barracks  
  26  4:00  Barracks, Marine  
  26  4:18  Marine  
  26  4:19  SCV  
  26  4:21  SCV  
  29  4:26  Factory  
  29  4:29  Supply Depot  
  29  4:30  Terran Infantry Weapons Level 1  
  30  4:31  SCV  
  30  4:33  SCV  
  30  4:36  Marine  
  32  4:43  SCV  
  32  4:44  Barracks Reactor  
  32  4:45  SCV  
  34  4:50  Barracks Reactor  
  34  4:51  Supply Depot  
  34  4:54  Marine  
  34  4:55  SCV  
  34  4:57  SCV  
  37  5:01  Supply Depot  
  37  5:07  SCV  
  37  5:09  Stimpack, SCV  
  37  5:12  Marine  
  34  5:21  SCV  
  34  5:24  Supply Depot, Factory Tech Lab  
  35  5:29  Marine x5, Missile Turret  
  41  5:36  Planetary Fortress  
  41  5:41  Missile Turret  
  40  5:43  Orbital Command  
  40  5:47  Marine  
  41  5:50  Starport  
  41  5:57  Siege Tank  
  44  6:01  Armory  
  44  6:18  Supply Depot  
  44  6:24  Hi-Sec Auto Tracking  
  35  6:41  Supply Depot  
  35  6:45  Marine  
  35  6:46  Marine x3  
  39  6:48  Starport Tech Lab  
  39  6:54  Marine  
  39  6:55  Starport  
  40  7:03  Marine x2  
  40  7:04  Marine x2  
  44  7:12  Marine  
  44  7:13  Raven  
  47  7:19  Cyclone  
  47  7:21  Marine x3  
  53  7:47  Terran Infantry Armor Level 1  
  53  7:51  Marine x4  
  53  7:52  Marine  
  58  8:09  Marine  
  59  8:18  Marine  
  59  8:19  Marine x3  
  63  8:27  Marine  
  63  8:36  Marine x3  
  63  8:37  Marine, Cyclone  
  70  8:45  Marine  
  71  8:54  Marine  
  52  9:13  Starport Reactor  
  52  9:14  Medivac  
  52  9:15  Marine x3  
  52  9:16  Marine x2  
  62  9:33  Marine x5  
  62  9:34  Siege Tank  
  62  9:35  Liberator  
  67  9:44  Medivac, Terran Infantry Weapons Level 2  
  69  9:51  Marine x2  
  74  10:09  Siege Tank  
  77  10:41  Siege Tank  
  80  10:57  Raven  
  80  10:59  Marine x5  
  62  12:01  Marine x5  
  63  12:18  Marine  
  51  12:36  Orbital Command  
Show
View Real Time Build Order
Export as new Build Order

ILIEKEGGPIE Protoss - Winner!

Build Orders:  

Get SALT Encoding   

  12  0:01  Probe  
  13  0:13  Probe  
  14  0:19  Pylon  
  14  0:24  Probe  
  15  0:33  Probe  
  15  0:41  Probe  
  15  0:42  Gateway  
  17  0:53  Probe  
  18  1:00  Gateway  
  18  1:03  Assimilator  
  18  1:11  Probe  
  19  1:19  Pylon  
  19  1:31  Probe  
  20  1:44  Cybernetics Core  
  20  1:50  Probe  
  21  1:57  Assimilator  
  21  2:15  Stalker  
  21  2:18  Stalker  
  21  2:21  Probe  
  21  2:22  Warp Gate  
  26  2:42  Gateway  
  26  2:45  Stalker, Gateway  
  26  2:48  Stalker  
  30  3:00  Gateway  
  30  4:01  Pylon  
  30  4:03  Pylon  
  22  4:30  Stalker x2  
  22  4:31  Stalker x3  
  32  4:40  Shield Battery  
  32  4:44  Shield Battery  
  32  5:12  Stalker x5  
  40  5:46  Stalker x3  
  46  5:51  Pylon  
  46  5:52  Pylon  
  46  6:05  Robotics Facility  
  46  6:39  Nexus  
  46  6:40  Pylon, Probe  
  47  6:52  Probe  
  48  7:00  Observer  
  49  7:09  Stalker x2  
  49  7:10  Stalker x3  
  59  7:39  Immortal  
  59  7:49  Assimilator  
  59  7:51  Assimilator  
  63  7:55  Probe x2  
  65  8:07  Probe  
  65  8:22  Immortal  
  49  9:13  Warp Prism  
  51  9:18  Probe  
  51  9:21  Assimilator  
  52  9:24  Pylon  
  52  9:26  Assimilator  
  52  9:32  Gateway  
  52  9:34  Gateway  
  52  9:35  Gateway  
  53  9:38  Probe x2  
  53  9:41  Immortal  
  58  9:52  Sentry  
  58  9:53  Sentry x4  
  68  10:07  Forge  
  68  10:16  Zealot  
  68  10:17  Zealot x4  
  78  10:29  Pylon  
  78  10:33  Pylon  
  78  10:37  Immortal  
  78  10:38  Protoss Ground Weapons Level 1  
  80  11:04  Zealot x4, Twilight Council  
  88  11:21  Warp Prism  
  90  11:31  Adept x4  
  86  11:48  Charge  
  86  11:49  Stalker  
  66  12:29  Zealot x5  
  58  12:30  Zealot  
  58  12:31  Zealot x2  
  60  12:55  Stalker  
  60  12:56  Stalker x6  
  54  13:33  Zealot  
  54  13:42  Stalker x6  
  54  13:43  Stalker  
  68  13:54  Zealot  
  70  14:30  Zealot x2  
  70  14:31  Zealot x5  
  80  14:32  Zealot  
  76  15:02  Zealot x3  
  76  15:03  Zealot x4  
  90  15:14  Pylon  
  90  15:47  Nexus  
  90  16:00  Assimilator  
  90  16:05  Pylon  
  90  16:43  Assimilator  
  88  17:48  Adept  
  88  17:49  Adept x5  
  88  17:50  Adept x2  
  94  18:20  Zealot x5  
Show
View Real Time Build Order
Export as new Build Order

Shootokill Protoss - Winner!

Build Orders: Dark Templar Rush 

Get SALT Encoding   

  12  0:02  Probe  
  13  0:16  Probe  
  14  0:23  Pylon  
  14  0:28  Assimilator  
  14  0:30  Probe  
  15  0:46  Probe  
  15  0:47  Gateway  
  16  0:54  Probe  
  16  0:58  Assimilator  
  16  1:03  Probe  
  18  1:12  Probe  
  19  1:20  Probe  
  20  1:30  Probe  
  21  1:35  Cybernetics Core  
  21  1:42  Probe  
  21  1:43  Gateway  
  22  1:52  Pylon  
  22  1:54  Probe  
  22  1:57  Warp Gate  
  23  2:10  Probe  
  24  2:20  Twilight Council  
  24  2:28  Gateway  
  24  2:35  Adept  
  24  2:48  Probe  
  23  3:00  Gateway  
  21  3:14  Dark Shrine  
  21  3:20  Probe  
  22  3:29  Pylon  
  22  3:32  Probe  
  23  3:44  Probe  
  24  3:53  Pylon  
  24  3:57  Gateway  
  24  3:58  Probe  
  25  4:10  Probe  
  24  4:26  Dark Templar  
  24  4:27  Dark Templar x3  
  32  4:38  Pylon  
  32  4:49  Pylon  
  32  5:29  Dark Templar  
  32  5:30  Dark Templar x2  
  32  5:31  Dark Templar  
  32  5:32  Zealot  
  40  6:53  Nexus  
  40  7:01  Nexus  
  40  7:03  Pylon  
  40  7:05  Stalker x4  
  40  7:06  Stalker  
  50  7:11  Blink  
  50  7:47  Robotics Facility  
  50  7:52  Assimilator  
  50  7:55  Assimilator  
  50  8:07  Probe  
  51  8:17  Probe  
  52  8:25  Probe  
  48  8:33  Probe  
  45  8:38  Stalker x3  
  45  8:39  Stalker x2  
  56  8:44  Probe  
  56  8:45  Probe  
  58  8:52  Probe  
  58  8:55  Observer  
  57  8:57  Probe  
  57  9:02  Probe  
  52  9:14  Probe  
  53  9:18  Stalker x3  
  53  9:19  Stalker  
  53  9:22  Stalker  
  63  9:24  Probe  
  63  9:26  Probe  
  65  9:32  Probe  
  66  9:42  Probe  
  66  9:43  Probe  
  66  9:44  Immortal  
  71  9:51  Probe  
  72  9:54  Probe  
  74  10:01  Probe  
  74  10:06  Probe  
  76  10:14  Probe  
  76  10:18  Probe  
  78  10:22  Probe  
  78  10:24  Nexus  
  78  10:28  Forge  
  79  10:31  Probe  
  80  10:37  Robotics Facility  
  80  10:41  Pylon  
  79  10:54  Immortal  
  83  10:58  Pylon  
  83  11:00  Assimilator  
  83  11:05  Assimilator  
  83  11:18  Protoss Ground Armor Level 1  
  83  11:20  Forge  
  83  11:23  Stargate  
  83  11:25  Immortal  
  87  11:34  Immortal  
  87  11:46  Stalker  
  87  11:47  Stalker x3  
  91  11:48  Stalker  
  91  11:50  Probe  
  98  11:56  Protoss Shields Level 1  
  98  11:58  Probe  
  98  12:04  Stargate  
  98  12:07  Probe  
  98  12:08  Probe  
  99  12:15  Probe  
  101  12:20  Probe  
  97  12:24  Probe  
  76  12:32  Probe  
  76  12:37  Pylon, Probe  
  74  12:40  Probe  
  74  12:41  Probe  
  74  12:42  Immortal  
  74  12:43  Immortal  
  83  12:44  Void Ray  
  83  12:49  Void Ray, Probe  
  93  12:52  Probe  
  93  12:54  Dark Templar  
  96  13:04  Probe  
  93  13:13  Stalker x2  
  86  13:50  Pylon  
  86  13:54  Gateway  
  86  13:56  Pylon  
  86  13:57  Probe  
  86  13:58  Protoss Air Weapons Level 1  
  87  14:05  Probe  
  87  14:08  Protoss Ground Armor Level 2  
  88  14:10  Protoss Shields Level 2  
  88  14:12  Immortal  
  88  14:13  Void Ray, Immortal  
  88  14:15  Void Ray, Probe  
  104  14:20  Stargate  
  105  14:25  Pylon  
  105  14:26  Probe  
  105  14:31  Gateway  
  106  14:35  Probe  
  106  14:43  Probe  
  108  14:53  Probe  
  109  15:05  Immortal, Probe  
  109  15:06  Immortal  
  118  15:36  Stalker  
  118  15:37  Stalker x4  
  118  15:40  Stalker  
  130  15:45  Templar Archives  
  130  15:50  Nexus  
  130  15:54  Assimilator  
  130  15:58  Assimilator  
  130  16:01  Pylon  
  130  16:09  Void Ray  
  130  16:10  Void Ray  
  130  16:11  Void Ray  
  138  16:13  Protoss Air Armor Level 1  
  138  16:17  Pylon  
  142  16:21  Immortal, Pylon  
  142  16:24  Immortal  
  150  16:28  Protoss Ground Weapons Level 1  
  150  16:37  Protoss Ground Armor Level 3  
  150  16:55  Void Ray  
  154  17:02  Probe  
  155  17:10  Probe  
  156  17:19  Psionic Storm  
  156  17:20  Probe  
  157  17:32  Probe  
  158  17:44  Probe  
  158  17:45  Assimilator  
  158  17:48  Pylon  
  158  17:50  Pylon  
  159  17:53  Assimilator, Void Ray  
  159  17:54  Void Ray  
  163  18:33  Stalker  
  163  18:34  Stalker x5  
  167  18:39  Void Ray  
  167  18:41  Void Ray, Probe  
  183  18:42  Void Ray  
  188  18:49  Probe  
  189  18:59  Probe  
  190  19:11  Probe  
Tags
 
Add a new tag
Caveats
  • Supply blocks, unpowered buildings, or Contaminate may cause inaccurate times.
  • Supply counts are checked every 10 seconds.